 Dungeon Crawl Stone Soup version 0.17-a0-1164-g0ba867e (webtiles) character file.

2029 inmateoo the Basher (level 9, -8/92 HPs)
             Began as an Ogre Arcane Marksman on May 29, 2015.
             Was a Priest of Okawaru.
             Mangled by Prince Ribbit (18 damage)
             ... on level 6 of the Dungeon.
             The game lasted 00:10:16 (6675 turns).

inmateoo the Basher (Ogre Arcane Marksman)          Turns: 6675, Time: 00:10:16

Health: -8/92      AC:  5    Str: 19    XL:     9   Next: 23%
Magic:  11/12      EV: 11    Int: 12    God:    Okawaru [***...]
Gold:   355        SH:  0    Dex: 11    Spells: 2 memorised, 8 levels left

rFire  + . .     SeeInvis .     z - +1 giant spiked club
rCold  . . .     Clarity  .     a - +1 robe
rNeg   . . .     SustAt   .     (no shield)
rPois  .         Gourm    .     (helmet restricted)
rElec  .         Spirit   .     c - +0 cloak (curse)
rCorr  .         Warding  .     (gloves unavailable)
rMut   .         Stasis   .     (boots unavailable)
MR     .....                    (no amulet)
Stlth  +.........               y - ring of teleport control
                                i - ring of protection from fire

@: not resistant to hostile enchantments, very unstealthy
A: unfitting armour, tough skin 1
a: Heroism, Renounce Religion, Evoke Teleport Control


You were on level 6 of the Dungeon.
You worshipped Okawaru.
Okawaru was most pleased with you.
You were not hungry.

You visited 1 branch of the dungeon, and saw 6 of its levels.

You collected 355 gold pieces.

Inventory:

Hand weapons
 n - a +4 club
 r - a +0 giant club
 s - a +0 flail
 z - a +1 giant spiked club (weapon)
Missiles
 f - 2 large rocks (quivered)
Armour
 a - a +1 robe (worn)
 c - a cursed +0 cloak (worn)
Jewellery
 i - a ring of protection from fire (left hand)
 y - a ring of teleport control (right hand)
Magical devices
 l - a wand of heal wounds (5)
Scrolls
 j - a scroll of amnesia
 k - a scroll of identify
 p - a scroll of enchant armour
 q - a scroll of remove curse
 v - a scroll of teleportation {unknown}
Potions
 b - 2 potions of magic {unknown}
 g - a potion of agility {unknown}
 o - a potion of cancellation
 t - 2 potions of degeneration {unknown}
 u - a potion of invisibility
Books
 d - a book of Debilitation

   Spells                             Type                      Level
   a - Corona                         Hexes                        1
   b - Slow                           Hexes                        2
   c - Gell's Gravitas                Hexes/Translocation          3
   d - Inner Flame                    Hexes/Fire                   3
   e - Cause Fear                     Hexes                        4
   f - Leda's Liquefaction            Hexes/Earth                  4
 m - a book of Party Tricks

   Spells                             Type                      Level
   a - Summon Butterflies             Summoning                    1
   b - Apportation                    Translocation                1
   c - Tukima's Dance                 Hexes                        3
   d - Alistair's Intoxication        Transmutation/Poison         4
   e - Invisibility                   Hexes                        6
 x - a book of the Sky

   Spells                             Type                      Level
   a - Summon Lightning Spire         Summoning/Air                4
   b - Airstrike                      Air                          4
   c - Silence                        Hexes/Air                    5
   d - Deflect Missiles               Charms/Air                   6
   e - Conjure Ball Lightning         Conjuration/Air              6
   f - Tornado                        Air                          9
Comestibles
 e - 5 bread rations
 h - 3 meat rations


   Skills:
 + Level 6.6 Fighting
 * Level 9.0 Maces & Flails
 + Level 6.0 Throwing
 + Level 4.7 Dodging
 - Level 1.2 Spellcasting
 - Level 2.1 Hexes
 + Level 4.0 Invocations


You had 8 spell levels left.
You knew the following spells:

 Your Spells              Type           Power        Failure   Level  Hunger
a - Corona                Hex            #......      14%         1    ##.....
b - Apportation           Tloc           #.........   34%         1    ##.....


Dungeon Overview and Level Annotations

Branches:
Dungeon (6/15)             Temple (0/1) D:5

Altars:
Gozag
Makhleb
Nemelex Xobeh
Okawaru
Sif Muna

Annotations:
D:6 Prince Ribbit


Innate Abilities, Weirdness & Mutations

You are too large for most types of armour.
You have tough skin (AC +1).


Message History

Prince Ribbit hits you but does no damage.
The black bear bites you!
* * * LOW HITPOINT WARNING * * *
The black bear closely misses you. The black bear claws you.
* * * LOW HITPOINT WARNING * * *
Prince Ribbit misses you. The black bear bites you!
* * * LOW HITPOINT WARNING * * *
The black bear claws you.
* * * LOW HITPOINT WARNING * * *
The black bear closely misses you.
Unknown command.
You thump the black bear!
You kill the black bear!
Okawaru accepts your kill.
Your Maces & Flails skill increases to level 9!
Your Invocations skill increases to level 4!
Prince Ribbit hits you.
* * * LOW HITPOINT WARNING * * *
Prince Ribbit hits you!!
You die...

...................[.............
....###.#.#####.#####.###########
(...###.#...# #.# #.# #
..........#.# #)# #)# #
..).###.#.#.# #.# #.# # ###.#
#.#.#.###.# #.# # #.#
#.#.#.((..#####.######## # #.#
#.#.#####.............)#### #.#
#.#.....'.@............'...
#.###.#######..F...........##..
#>.........................##..
#############..............##..
#..............##.. ######
#..............#### .....#
#..............# # ####.#
#..............# # ####.#
#..............# #


You could see Prince Ribbit.

Vanquished Creatures
  Grinder (D:6)
  Sigmund (D:6)
  A black bear (D:6)
  An ice beast (D:6)
  4 ogres
  Blork the orc (D:6)
  2 giant frogs (D:6)
  A scorpion (D:5)
  2 crimson imps (D:6)
  A giant frog zombie (D:5)
  3 orc priests
  5 hounds
  Jessica (D:3)
  An iguana (D:4)
  4 worker ants
  6 orc wizards
  6 adders
  A gnoll (D:2)
  2 hound skeletons
  3 shadow imps
  4 oozes
  An adder zombie (D:5)
  A worm (D:2)
  5 giant geckos
  15 orcs
  3 ball pythons
  A bat skeleton (D:4)
  3 giant cockroaches
  20 hobgoblins
  5 quokkas
  9 bats
  A giant cockroach zombie (D:6)
  3 giant newts
  8 goblins
  A jackal skeleton (D:4)
  14 kobolds
  12 rats
153 creatures vanquished.

Notes
Turn   | Place    | Note
--------------------------------------------------------------
     0 | D:1      | inmateoo the Ogre Arcane Marksman began the quest for the Orb.
     0 | D:1      | Reached XP level 1. HP: 19/19 MP: 2/2
    47 | D:1      | Reached XP level 2. HP: 22/28 MP: 3/3
   626 | D:1      | Reached skill level 1 in Maces & Flails
   838 | D:1      | Reached XP level 3. HP: 30/35 MP: 4/4
  1669 | D:2      | Reached skill level 3 in Throwing
  1669 | D:2      | Reached XP level 4. HP: 26/44 MP: 5/5
  1718 | D:2      | Found a sparkling altar of Nemelex Xobeh.
  1808 | D:2      | Found an iron altar of Okawaru.
  1814 | D:2      | Became a worshipper of Warmaster Okawaru
  1877 | D:2      | Reached XP level 5. HP: 20/53 MP: 6/6
  2453 | D:3      | Found a burning altar of Makhleb.
  2538 | D:3      | Learned a level 1 spell: Apportation
  2706 | D:3      | Noticed Jessica
  2728 | D:3      | Killed Jessica
  3180 | D:4      | Noticed an ogre
  3188 | D:4      | Killed an ogre
  3188 | D:4      | Acquired Okawaru's first power
  3188 | D:4      | Reached skill level 4 in Maces & Flails
  3188 | D:4      | Reached XP level 6. HP: 25/62 MP: 7/7
  3425 | D:4      | Found an opulent altar of Gozag.
  3441 | D:4      | Reached skill level 5 in Maces & Flails
  3697 | D:4      | Noticed an ogre
  3703 | D:4      | Killed an ogre
  3703 | D:4      | Reached XP level 7. HP: 42/70 MP: 8/8
  4252 | D:4      | Reached skill level 6 in Maces & Flails
  4547 | D:4      | Found a deep blue altar of Sif Muna.
  4593 | D:5      | Entered Level 5 of the Dungeon
  4769 | D:5      | Reached skill level 1 in Invocations
  4810 | D:5      | Found a staircase to the Ecumenical Temple.
  5029 | D:5      | Reached XP level 8. HP: 79/79 MP: 9/9
  5039 | D:5      | Reached skill level 5 in Fighting
  5039 | D:5      | Reached skill level 5 in Throwing
  5465 | D:5      | Reached skill level 7 in Maces & Flails
  5971 | D:6      | Noticed Blork the orc
  5981 | D:6      | Killed Blork the orc
  6193 | D:6      | Reached skill level 8 in Maces & Flails
  6246 | D:6      | Noticed Grinder
  6254 | D:6      | Killed Grinder
  6254 | D:6      | Reached XP level 9. HP: 67/89 MP: 11/11
  6377 | D:6      | Noticed Sigmund
  6391 | D:6      | Killed Sigmund
  6666 | D:6      | Noticed Prince Ribbit
  6675 | D:6      | Reached skill level 9 in Maces & Flails
  6675 | D:6      | Mangled by Prince Ribbit

Vault maps used:
D:1:      tarquinn_simple_flora_water_f, grunt_decor_mini_mirrors,
          grunt_decor_cap
D:2:      okawaru_trees_2, nemelex_xobeh_ov_fountains_minmay, first_bread,
          cheibrodos_gnoll_hut
D:3:      overflow_temple_1_default, uniq_jessica
D:4:      grunt_gozag_breadcrumbs, lemuel_blue_sif_altar, minmay_cupped
D:5:      minmay_temple_entry_glass, kennysheep_dice
D:6:      trog_ov_bears_minmay, uniq_sigmund, uniq_blork_the_orc, uniq_grinder,
          uniq_prince_ribbit1

Action                   |  1- 3 |  4- 6 |  7- 9 || total
-------------------------+-------+-------+-------++-------
Melee: Unarmed           |    26 |       |       ||    26
       Whip              |   128 |    94 |       ||   222
       Club              |     2 |    58 |       ||    60
       Giant club        |       |       |   153 ||   153
       Giant spiked club |       |       |    66 ||    66
Throw: Large rock        |    17 |    22 |    12 ||    51
       Throwing net      |     1 |     4 |       ||     5
Invok: Heroism           |       |     1 |     2 ||     3
  Use: Scroll            |       |     5 |     5 ||    10
 Stab: Sleeping          |       |       |     1 ||     1
  Eat: Chunk             |     1 |     4 |     5 ||    10
       Bread ration      |     1 |       |       ||     1
       Beef jerky        |       |       |     2 ||     2
       Pizza             |       |       |     1 ||     1
